Maple Leafs vs Sharks

Created - 30 octobre 2017 at 15:55

Goals
1 2 3 OT1 T
Maple Leafs 1 0 0 0 1
Sharks 0 0 1 1 2
Shots
1 2 3 OT1 T
Maple Leafs 7 10 3 0 20
Sharks 11 11 8 1 31

1st period

1. Maple Leafs , Michael Grabner 4 (Roman Josi 8, Tom Walsh 6) at 18:10 (PP)

Penalties :
Brandon Rogers (TOR) for Hooking (Minor) at 11:55, Michael Ryder (SJS) for High sticking (Minor) at 17:26

2nd period

No Goal

Penalties :
Kevin Bieksa (TOR) for Hooking (Minor) at 2:17, Mark Arcobello (SJS) for Charging (Minor) at 4:29, Jonathan Marchessault (TOR) for Roughing (Minor) at 11:28, Roman Josi (TOR) for Interference (Minor) at 13:38, Alec Martinez (SJS) for Interference (Minor) at 16:08, William Nylander (TOR) for Goalie Interference (Minor) at 16:08

3rd period

2. Sharks , Nathan MacKinnon 3 (Michael Ryder 4) at 7:49

Penalties :
Dany Heatley (SJS) for Tripping (Minor) at 3:42, Michael Del Zotto (TOR) for Holding (Minor) at 11:55, Michael Del Zotto (TOR) for Goalie Interference (Minor) at 16:28

Overtime #1

3. Sharks , Henrik Zetterberg 4 (Michael Ryder 5, Alec Martinez 2) at 0:21

Penalties :
No Penalty

Goalie Stats

Corey Crawford (TOR), 29 saves from 31 shots - (0,935), OTL, 4-4-1, 60:22 minutes
Ray Emery (SJS), 19 saves from 20 shots - (0,950), W, 1-1-1, 60:22 minutes

Players Stats for Maple Leafs

Player Name              G  A  P  +/- PIM S  H  SB GA TA FO     MP     PP MP  PK MP  
------------------------------------------------------------------------------------
Brandon Rogers           0  0  0  -1  2   1  1  0  0  0  0/0    19:13   2:23   1:42 
Brandon Yip              0  0  0   0  0   0  1  0  0  0  1/2    14:00   2:22   0:00 
Chris Phillips           0  0  0   0  0   0  1  1  0  0  0/0    20:48   0:00   7:07 
Jonathan Marchessault    0  0  0   0  2   1  0  0  0  0  6/14   11:34   0:00   0:00 
Kevin Bieksa             0  0  0  -1  2   0  4  4  0  0  0/0    22:28   2:23   5:10 
Michael Del Zotto        0  0  0   0  4   1  2  0  0  0  0/0    19:35   0:17   3:31 
Michael Grabner          1  0  1  -1  0   4  0  0  0  0  0/0    16:48   2:24   0:06 
Nazem Kadri              0  0  0   0  0   2  1  0  0  0  12/23  20:43   2:18   7:08 
Oleg Kvasha              0  0  0   0  0   1  0  0  0  0  0/0    10:33   0:00   4:40 
Pierre-Marc Bouchard     0  0  0  -2  0   1  0  0  0  0  3/4    15:47   2:18   0:06 
Riley Armstrong          0  0  0   0  0   0  0  0  0  0  1/2    13:53   2:18   0:00 
Roman Josi               0  1  1  -1  2   1  0  2  0  0  0/0    23:01   2:19   6:18 
Ryan O'Reilly            0  0  0  -2  0   1  2  0  0  0  11/26  21:44   2:24   4:40 
Shawn Weller             0  0  0   0  0   1  4  0  0  0  2/2    18:25   0:00   7:08 
Tanner Pearson           0  0  0   0  0   0  0  0  0  0  0/0     5:53   0:00   0:00 
Tom Walsh                0  1  1   0  0   2  0  1  0  0  0/0    15:12   2:02   0:00 
William Nylander         0  0  0   0  2   3  0  0  0  0  3/3    11:36   0:02   0:00 
Zach Dalpe               0  0  0   0  0   1  1  0  0  0  3/9     5:53   0:00   0:00 

Players Stats for Sharks

Player Name              G  A  P  +/- PIM S  H  SB GA TA FO     MP     PP MP  PK MP  
------------------------------------------------------------------------------------
Alec Martinez            0  1  1   2  2   0  0  0  0  0  0/0    14:54   0:00   0:00 
Andrew Ladd              0  0  0   0  0   5  0  0  0  0  0/0     8:08   0:00   0:36 
Colton Parayko           0  0  0   0  0   0  0  1  0  0  0/0    16:14   5:03   0:11 
Daniel Winnik            0  0  0   0  0   1  0  0  0  0  9/20   14:40   7:08   0:00 
Dany Heatley             0  0  0   0  2   0  6  0  0  0  4/6    21:48   4:46   2:23 
Henrik Zetterberg        1  0  1   1  0   6  0  0  0  0  13/24  20:22   4:46   1:13 
Jean-Gabriel Pageau      0  0  0   0  0   1  0  0  0  0  3/8     8:33   0:00   1:17 
Keith Ballard            0  0  0   0  0   0  3  0  0  0  0/0    13:15   0:00   2:38 
Marian Gaborik           0  0  0   0  0   2  0  1  0  0  0/2    21:55   4:46   2:29 
Mark Arcobello           0  0  0   0  2   1  0  0  0  0  1/1     7:15   0:00   0:00 
Mark Letestu             0  0  0   0  0   0  0  0  0  0  1/2     7:32   0:00   0:00 
Michael Frolik           0  0  0   1  0   4  0  0  0  0  0/1    21:30   7:08   1:06 
Michael Ryder            0  2  2   2  2   3  11 0  0  0  3/5    21:45   7:08   0:20 
Nathan MacKinnon         1  0  1   1  0   4  0  0  0  0  9/16   13:16   0:00   0:00 
Nikita Nikitin           0  0  0   1  0   1  0  1  0  0  0/0    21:58   5:03   2:38 
Oscar Lindberg           0  0  0   0  0   0  0  0  0  0  0/0     7:16   0:00   0:00 
Rob Scuderi              0  0  0   0  0   2  0  3  0  0  0/0    26:35   6:51   1:53 
Seth Jones               0  0  0   0  0   1  3  3  0  0  0/0    27:25   6:51   2:04 

3 Stars

1 - Michael Ryder (SJS)
2 - Nathan MacKinnon (SJS)
3 - Henrik Zetterberg (SJS)

Power Play

Maple Leafs - 1 on 3 Attempt(s) - 33,33%
Sharks - 0 on 6 Attempt(s) - 0,00%

Penalty Kill

Maple Leafs - 6 on 6 Attempt(s) - 100,00% - Score 0 goal in Penalty Kill
Sharks - 2 on 3 Attempt(s) - 66,67% - Score 0 goal in Penalty Kill

Team Stat

Maple Leafs - Hits : 17 - Faceoff Wins : 42 - Blocked Shots : 8 - Penalty Minutes : 14
Sharks - Hits : 23 - Faceoff Wins : 43 - Blocked Shots : 9 - Penalty Minutes : 8

Official

Referees : Francis Charron and Andrew Thackaberry
Linesman : Greg McAlpine and Pat Turcotte

Game Notes

No Game Note

Finance

Level 1 -- Attendance: 5826 (97,10%) -- Ticket Income 646 686 $
Level 2 -- Attendance: 4971 (99,42%) -- Ticket Income 318 144 $
Level 3 -- Attendance: 2000 (100,00%) -- Ticket Income 96 000 $
Level 4 -- Attendance: 4000 (100,00%) -- Ticket Income 116 000 $
Luxury Box -- Attendance: 1483 (100,00%) -- Ticket Income 348 505 $
Game was played at the HP Pavillion.
Total Attendance: 18280 (98,90%)
Total Ticket Income: 1 525 335 $
Other Income: 747 414 $
Total Income: 2 272 749 $

Maple Leafs

5 vs 5 Forward 
   Center                   Left Wing                Right Wing               Time % Phy DF OF 
 1 Ryan O'Reilly            Pierre-Marc Bouchard     Michael Grabner          29     1   2  2  
 2 Nazem Kadri              Shawn Weller             Brandon Yip              29     1   2  2  
 3 Jonathan Marchessault    Riley Armstrong          William Nylander         26     1   2  2  
 4 Zach Dalpe               Tanner Pearson           Oleg Kvasha              16     1   3  1  

5 vs 5 Defense 
   Defense                  Defense                                           Time % Phy DF OF 
 1 Kevin Bieksa             Tom Walsh                                         34     1   2  2  
 2 Michael Del Zotto        Chris Phillips                                    33     1   2  2  
 3 Roman Josi               Brandon Rogers                                    33     1   2  2  
 4 Kevin Bieksa             Michael Del Zotto                                 0      1   2  2  

PowerPlay Forward 
   Center                   Left Wing                Right Wing               Time % Phy DF OF 
 1 Ryan O'Reilly            Michael Grabner          Brandon Yip              50     1   0  4  
 2 Pierre-Marc Bouchard     Riley Armstrong          Nazem Kadri              50     1   0  4  

PowerPlay Defense
   Defense                  Defense                                           Time % Phy DF OF 
 1 Brandon Rogers           Kevin Bieksa                                      50     1   1  3  
 2 Roman Josi               Tom Walsh                                         50     1   1  3  

Penalty Kill 4 Players Forward 
   Center                   Wing                     Time % Phy DF OF 
 1 Nazem Kadri              Shawn Weller             60     1   3  1  
 2 Ryan O'Reilly            Oleg Kvasha              40     1   3  1  

Penalty Kill 4 Players Defense
   Defense                  Defense                  Time % Phy DF OF 
 1 Michael Del Zotto        Kevin Bieksa             50     1   4  0  
 2 Chris Phillips           Roman Josi               50     1   4  0  

Penalty Kill - 3 Players Forward 
   Forward                                           Time % Phy DF OF 
 1 Zach Dalpe                                        60     1   2  2  
 2 William Nylander                                  40     1   2  2  

Penalty Kill - 3 Players Defense
   Defense                  Defense                  Time % Phy DF OF 
 1 Michael Del Zotto        Kevin Bieksa             60     1   2  2  
 2 Roman Josi               Chris Phillips           40     1   2  2  

4 vs 4 Forward 
   Center                   Wing                     Time % Phy DF OF 
 1 Ryan O'Reilly            Michael Grabner          60     1   2  2  
 2 Brandon Yip              Pierre-Marc Bouchard     40     1   2  2  

4 vs 4 Defense
   Defense                  Defense                  Time % Phy DF OF 
 1 Kevin Bieksa             Michael Del Zotto        50     1   2  2  
 2 Brandon Rogers           Roman Josi               50     1   2  2  

Last Minutes Offensive
   Center                   Left Wing                Right Wing               Defense                  Defense                  
   Ryan O'Reilly            Brandon Yip              Michael Grabner          Brandon Rogers           Roman Josi               

Last Minutes Defensive
   Center                   Left Wing                Right Wing               Defense                  Defense                  
   Ryan O'Reilly            Michael Grabner          Pierre-Marc Bouchard     Kevin Bieksa             Michael Del Zotto        

Goaltenders
Starting : Corey Crawford           
Backup : Robert Esche             

Extra Forwards
Normal : Brandon Yip, Michael Grabner, Ryan O'Reilly - PP : Michael Grabner, Brandon Yip - PK : Michael Grabner
Extra Defensemen
Normal : Michael Del Zotto, Kevin Bieksa, Roman Josi - PP : Michael Del Zotto - PK : Chris Phillips, Kevin Bieksa
Penalty Shots
Nazem Kadri, Michael Grabner, Brandon Yip, Ryan O'Reilly, Riley Armstrong
Custom OT Lines Forwards
Pierre-Marc Bouchard, Ryan O'Reilly, Michael Grabner, Riley Armstrong, Shawn Weller, Zach Dalpe, William Nylander, Nazem Kadri, Oleg Kvasha, Brandon Yip
Custom OT Lines Defensemen
Kevin Bieksa, Roman Josi, Chris Phillips, Michael Del Zotto, Brandon Rogers

Scratches
Vincent Trocheck (Left Hip Injury)

Sharks

5 vs 5 Forward 
   Center                   Left Wing                Right Wing               Time % Phy DF OF 
 1 Henrik Zetterberg        Dany Heatley             Marian Gaborik           35     1   1  3  
 2 Nathan MacKinnon         Michael Frolik           Michael Ryder            35     1   1  3  
 3 Daniel Winnik            Andrew Ladd              Mark Letestu             20     1   2  2  
 4 Jean-Gabriel Pageau      Oscar Lindberg           Mark Arcobello           10     1   2  2  

5 vs 5 Defense 
   Defense                  Defense                                           Time % Phy DF OF 
 1 Rob Scuderi              Seth Jones                                        40     1   2  2  
 2 Alec Martinez            Nikita Nikitin                                    30     1   3  1  
 3 Colton Parayko           Keith Ballard                                     20     1   2  2  
 4 Rob Scuderi              Seth Jones                                        10     1   2  2  

PowerPlay Forward 
   Center                   Left Wing                Right Wing               Time % Phy DF OF 
 1 Henrik Zetterberg        Dany Heatley             Marian Gaborik           60     1   2  2  
 2 Daniel Winnik            Michael Frolik           Michael Ryder            40     1   2  2  

PowerPlay Defense
   Defense                  Defense                                           Time % Phy DF OF 
 1 Rob Scuderi              Seth Jones                                        60     1   2  2  
 2 Colton Parayko           Nikita Nikitin                                    40     1   2  2  

Penalty Kill 4 Players Forward 
   Center                   Wing                     Time % Phy DF OF 
 1 Dany Heatley             Marian Gaborik           60     1   2  2  
 2 Michael Ryder            Henrik Zetterberg        40     1   2  2  

Penalty Kill 4 Players Defense
   Defense                  Defense                  Time % Phy DF OF 
 1 Rob Scuderi              Seth Jones               60     1   2  2  
 2 Keith Ballard            Nikita Nikitin           40     1   2  2  

Penalty Kill - 3 Players Forward 
   Forward                                           Time % Phy DF OF 
 1 Dany Heatley                                      60     1   2  2  
 2 Marian Gaborik                                    40     1   2  2  

Penalty Kill - 3 Players Defense
   Defense                  Defense                  Time % Phy DF OF 
 1 Keith Ballard            Seth Jones               60     1   2  2  
 2 Rob Scuderi              Nikita Nikitin           40     1   2  2  

4 vs 4 Forward 
   Center                   Wing                     Time % Phy DF OF 
 1 Dany Heatley             Marian Gaborik           60     1   2  2  
 2 Michael Ryder            Henrik Zetterberg        40     1   2  2  

4 vs 4 Defense
   Defense                  Defense                  Time % Phy DF OF 
 1 Colton Parayko           Seth Jones               60     1   2  2  
 2 Rob Scuderi              Nikita Nikitin           40     1   2  2  

Last Minutes Offensive
   Center                   Left Wing                Right Wing               Defense                  Defense                  
   Henrik Zetterberg        Dany Heatley             Marian Gaborik           Rob Scuderi              Seth Jones               

Last Minutes Defensive
   Center                   Left Wing                Right Wing               Defense                  Defense                  
   Henrik Zetterberg        Dany Heatley             Marian Gaborik           Rob Scuderi              Seth Jones               

Goaltenders
Starting : Ray Emery                
Backup : Ben Bishop               

Extra Forwards
Normal : Nathan MacKinnon, Dany Heatley, Jean-Gabriel Pageau - PP : Nathan MacKinnon, Marian Gaborik - PK : Jean-Gabriel Pageau
Extra Defensemen
Normal : Colton Parayko, Keith Ballard, Seth Jones - PP : Colton Parayko - PK : Keith Ballard, Seth Jones
Penalty Shots
Dany Heatley, Marian Gaborik, Michael Ryder, Henrik Zetterberg, Daniel Winnik
Custom OT Lines Forwards
Dany Heatley, Marian Gaborik, Michael Ryder, Henrik Zetterberg, Daniel Winnik, Nathan MacKinnon, Michael Frolik, Andrew Ladd, Jean-Gabriel Pageau, Mark Letestu
Custom OT Lines Defensemen
Alec Martinez, Seth Jones, Keith Ballard, Nikita Nikitin, Colton Parayko

Scratches
None


% Time on Ice - Maple Leafs

Lines # - Real PCT - Wanted PCT - Time Play
Normal Forward
1 - 31% - 29% - 12:40
2 - 27% - 29% - 11:17
3 - 28% - 26% - 11:35
4 - 14% - 16% - 5:53
Normal Defense
1 - 32% - 34% - 13:10
2 - 35% - 33% - 14:25
3 - 32% - 33% - 13:24
4 - 1% - 0% - 0:26
PP Forward
1 - 51% - 50% - 2:24
2 - 49% - 50% - 2:18
PP Defense
1 - 51% - 50% - 2:23
2 - 49% - 50% - 2:19
PK Forward
1 - 61% - 60% - 7:14
2 - 39% - 40% - 4:40
PK Defense
1 - 60% - 50% - 7:11
2 - 40% - 50% - 4:43
PK3 Forward
1 - 0% - 60%
2 - 0% - 40%
PK3 Defense
1 - 0% - 60%
2 - 0% - 40%
44 Forward
1 - 82% - 60% - 1:38
2 - 18% - 40% - 0:21
44 Defense
1 - 49% - 50% - 0:58
2 - 51% - 50% - 1:01
Last Minute Offensive  - 0:00
Last Minute Defensive  - 0:00
Total
Forward - 60:00
Defense - 60:00

% Time on Ice - Sharks

Lines # - Real PCT - Wanted PCT - Time Play
Normal Forward
1 - 32% - 35% - 13:21
2 - 32% - 35% - 13:16
3 - 18% - 20% - 7:32
4 - 18% - 10% - 7:16
Normal Defense
1 - 39% - 40% - 16:21
2 - 35% - 30% - 14:33
3 - 23% - 20% - 9:41
4 - 2% - 10% - 0:50
PP Forward
1 - 40% - 60% - 4:46
2 - 60% - 40% - 7:08
PP Defense
1 - 58% - 60% - 6:51
2 - 42% - 40% - 5:03
PK Forward
1 - 93% - 60% - 4:22
2 - 7% - 40% - 0:20
PK Defense
1 - 44% - 60% - 2:04
2 - 56% - 40% - 2:38
PK3 Forward
1 - 0% - 60%
2 - 0% - 40%
PK3 Defense
1 - 0% - 60%
2 - 0% - 40%
44 Forward
1 - 66% - 60% - 1:19
2 - 34% - 40% - 0:40
44 Defense
1 - 66% - 60% - 1:19
2 - 34% - 40% - 0:40
Last Minute Offensive  - 0:00
Last Minute Defensive  - 0:00
Total
Forward - 60:00
Defense - 60:00

Play by Play

1st period


0:01 of 1st period - Ryan O'Reilly wins face-off versus Henrik Zetterberg in neutral zone.
0:09 of 1st period - Icing by Seth Jones.
0:10 of 1st period - Nazem Kadri wins face-off versus Henrik Zetterberg in Sharks zone.
0:13 of 1st period - Shot by Shawn Weller.
0:13 of 1st period - Shot Blocked by Rob Scuderi.
0:29 of 1st period - Shot by Marian Gaborik.
0:29 of 1st period - Shot Misses the Net.
0:31 of 1st period - Shot by Henrik Zetterberg.
0:31 of 1st period - Stopped by Corey Crawford without a rebound.
0:32 of 1st period - William Nylander wins face-off versus Nathan MacKinnon in Maple Leafs zone.
0:55 of 1st period - Roman Josi is hit by Michael Ryder and loses puck.
1:48 of 1st period - Shot by Andrew Ladd.
1:48 of 1st period - Stopped by Corey Crawford without a rebound.
1:49 of 1st period - Jean-Gabriel Pageau wins face-off versus Zach Dalpe in Maple Leafs zone.
1:50 of 1st period - Shot by Mark Arcobello.
1:50 of 1st period - Stopped by Corey Crawford without a rebound.
1:51 of 1st period - Mark Arcobello wins face-off versus Zach Dalpe in Maple Leafs zone.
1:51 of 1st period - Mark Arcobello is hit by Chris Phillips.
1:53 of 1st period - Shot by Jean-Gabriel Pageau.
1:53 of 1st period - Stopped by Corey Crawford without a rebound.
1:54 of 1st period - Henrik Zetterberg wins face-off versus Zach Dalpe in Maple Leafs zone.
2:52 of 1st period - Shot by Shawn Weller.
2:52 of 1st period - Shot Misses the Net.
3:31 of 1st period - Icing by Daniel Winnik.
3:32 of 1st period - Daniel Winnik wins face-off versus Ryan O'Reilly in Sharks zone.
3:34 of 1st period - Icing by Andrew Ladd.
3:35 of 1st period - Ryan O'Reilly wins face-off versus Mark Letestu in Sharks zone.
3:48 of 1st period - Shot by Michael Grabner.
3:48 of 1st period - Stopped by Ray Emery without a rebound.
3:49 of 1st period - William Nylander wins face-off versus Nathan MacKinnon in Sharks zone.
4:52 of 1st period - Shot by Jean-Gabriel Pageau.
4:52 of 1st period - Shot Misses the Net.
5:56 of 1st period - Shot by Henrik Zetterberg.
5:56 of 1st period - Stopped by Corey Crawford without a rebound.
5:57 of 1st period - Daniel Winnik wins face-off versus Ryan O'Reilly in Maple Leafs zone.
6:12 of 1st period - Andrew Ladd is hit by Ryan O'Reilly and loses puck.
6:21 of 1st period - Shot by Michael Grabner.
6:21 of 1st period - Stopped by Ray Emery without a rebound.
6:22 of 1st period - Michael Ryder wins face-off versus Nazem Kadri in Sharks zone.
6:22 of 1st period - Seth Jones is hit by Shawn Weller and loses puck.
6:37 of 1st period - Shot by Michael Ryder.
6:37 of 1st period - Shot Misses the Net.
6:39 of 1st period - Shot by Rob Scuderi.
6:39 of 1st period - Shot Misses the Net.
6:41 of 1st period - Shot by Seth Jones.
6:41 of 1st period - Shot Blocked by Kevin Bieksa.
6:43 of 1st period - Shot by Michael Frolik.
6:43 of 1st period - Stopped by Corey Crawford without a rebound.
6:44 of 1st period - Henrik Zetterberg wins face-off versus Ryan O'Reilly in Maple Leafs zone.
7:42 of 1st period - Pierre-Marc Bouchard is hit by Dany Heatley.
8:16 of 1st period - Shot by Michael Ryder.
8:16 of 1st period - Shot Blocked by Kevin Bieksa.
8:31 of 1st period - Nazem Kadri is hit by Michael Ryder and loses puck.
8:40 of 1st period - Kevin Bieksa is hit by Michael Ryder.
9:01 of 1st period - Michael Frolik is hit by Zach Dalpe and loses puck.
9:08 of 1st period - Shot by Tanner Pearson.
9:08 of 1st period - Shot Misses the Net.
9:10 of 1st period - Shot by Michael Del Zotto.
9:10 of 1st period - Shot Misses the Net.
9:12 of 1st period - Shot by Michael Del Zotto.
9:12 of 1st period - Shot Blocked by Seth Jones.
9:40 of 1st period - Shot by Jonathan Marchessault.
9:40 of 1st period - Shot Misses the Net.
9:42 of 1st period - Shot by Tom Walsh.
9:42 of 1st period - Stopped by Ray Emery without a rebound.
9:43 of 1st period - Jonathan Marchessault wins face-off versus Daniel Winnik in Sharks zone.
9:59 of 1st period - Off-side.
10:00 of 1st period - Henrik Zetterberg wins face-off versus Ryan O'Reilly in neutral zone.
10:05 of 1st period - Shot by Dany Heatley.
10:05 of 1st period - Shot Misses the Net.
10:19 of 1st period - Shot by Henrik Zetterberg.
10:19 of 1st period - Stopped by Corey Crawford with a rebound.
10:21 of 1st period - Shot by Nikita Nikitin.
10:21 of 1st period - Shot Blocked by Kevin Bieksa.
10:23 of 1st period - Shot by Henrik Zetterberg.
10:23 of 1st period - Deflect By Dany Heatley.
10:23 of 1st period - Shot Misses the Net.
10:25 of 1st period - Shot by Henrik Zetterberg.
10:25 of 1st period - Stopped by Corey Crawford without a rebound.
10:26 of 1st period - Daniel Winnik wins face-off versus Nazem Kadri in Maple Leafs zone.
10:41 of 1st period - Shot by Daniel Winnik.
10:41 of 1st period - Stopped by Corey Crawford without a rebound.
10:42 of 1st period - Zach Dalpe wins face-off versus Jean-Gabriel Pageau in Maple Leafs zone.
10:49 of 1st period - Shot by Mark Arcobello.
10:49 of 1st period - Shot Blocked by Kevin Bieksa.
11:55 of 1st period - Minor Penalty to Brandon Rogers for Hooking.
11:56 of 1st period - Daniel Winnik wins face-off versus Nazem Kadri in Maple Leafs zone.
12:09 of 1st period - Shot by Michael Frolik.
12:09 of 1st period - Shot Misses the Net.
12:11 of 1st period - Shot by Michael Ryder.
12:11 of 1st period - Shot Misses the Net.
12:13 of 1st period - Shot by Michael Frolik.
12:13 of 1st period - Shot Misses the Net.
12:15 of 1st period - Shot by Daniel Winnik.
12:15 of 1st period - Shot Blocked by Chris Phillips.
12:17 of 1st period - Shot by Rob Scuderi.
12:17 of 1st period - Stopped by Corey Crawford without a rebound.
12:18 of 1st period - Nazem Kadri wins face-off versus Henrik Zetterberg in Maple Leafs zone.
12:35 of 1st period - Shawn Weller is hit by Dany Heatley and loses puck.
13:49 of 1st period - Icing by Daniel Winnik.
13:50 of 1st period - Daniel Winnik wins face-off versus Nazem Kadri in Sharks zone.
16:17 of 1st period - Andrew Ladd is hit by Shawn Weller and loses puck.
16:41 of 1st period - Icing by Colton Parayko.
16:42 of 1st period - Nathan MacKinnon wins face-off versus Zach Dalpe in Sharks zone.
16:56 of 1st period - Roman Josi is hit by Keith Ballard and loses puck.
17:25 of 1st period - Roman Josi is hit by Michael Ryder and loses puck.
17:26 of 1st period - Minor Penalty to Michael Ryder for High sticking.
17:27 of 1st period - Dany Heatley wins face-off versus Riley Armstrong in Sharks zone.
17:27 of 1st period - Dany Heatley is hit by Nazem Kadri.
17:48 of 1st period - Kevin Bieksa is hit by Keith Ballard.
17:54 of 1st period - Shot by Nazem Kadri.
17:54 of 1st period - Stopped by Ray Emery without a rebound.
17:55 of 1st period - Dany Heatley wins face-off versus Ryan O'Reilly in Sharks zone.
18:10 of 1st period - Shot by Michael Grabner.
18:10 of 1st period - Goal by Michael Grabner - Maple Leafs : 1 - Sharks : 0.
18:11 of 1st period - Jonathan Marchessault wins face-off versus Daniel Winnik in neutral zone.
18:24 of 1st period - Shot by William Nylander.
18:24 of 1st period - Stopped by Ray Emery without a rebound.
18:25 of 1st period - Nazem Kadri wins face-off versus Nathan MacKinnon in Sharks zone.
18:38 of 1st period - Shot by Michael Ryder.
18:38 of 1st period - Stopped by Corey Crawford without a rebound.
18:39 of 1st period - Henrik Zetterberg wins face-off versus Ryan O'Reilly in Maple Leafs zone.
19:02 of 1st period - Shot by Pierre-Marc Bouchard.
19:02 of 1st period - Shot Blocked by Marian Gaborik.
19:14 of 1st period - Shot by Ryan O'Reilly.
19:14 of 1st period - Stopped by Ray Emery without a rebound.
19:15 of 1st period - Nazem Kadri wins face-off versus Nathan MacKinnon in Sharks zone.
19:15 of 1st period - Michael Del Zotto is hit by Seth Jones and loses puck.
19:31 of 1st period - Shot by Shawn Weller.
19:31 of 1st period - Shot Blocked by Seth Jones.
Goals for this period are 1 for Maple Leafs vs 0 for Sharks.
Shots for this period are 7 for Maple Leafs vs 11 for Sharks.

2nd period


0:01 of 2nd period - Nazem Kadri wins face-off versus Henrik Zetterberg in neutral zone.
0:16 of 2nd period - Shot by Marian Gaborik.
0:16 of 2nd period - Shot Misses the Net.
0:18 of 2nd period - Shot by Seth Jones.
0:18 of 2nd period - Stopped by Corey Crawford without a rebound.
0:19 of 2nd period - Ryan O'Reilly wins face-off versus Nathan MacKinnon in Maple Leafs zone.
0:21 of 2nd period - Icing by Kevin Bieksa.
0:22 of 2nd period - Nathan MacKinnon wins face-off versus Ryan O'Reilly in Maple Leafs zone.
0:33 of 2nd period - Shot by Michael Ryder.
0:33 of 2nd period - Deflect By Nathan MacKinnon.
0:33 of 2nd period - Stopped by Corey Crawford with a rebound.
0:49 of 2nd period - Shot by Michael Frolik.
0:49 of 2nd period - Stopped by Corey Crawford without a rebound.
0:50 of 2nd period - Brandon Yip wins face-off versus Henrik Zetterberg in Maple Leafs zone.
1:05 of 2nd period - Shot by Brandon Yip.
1:05 of 2nd period - Shot Misses the Net.
1:47 of 2nd period - Shot by William Nylander.
1:47 of 2nd period - Stopped by Ray Emery without a rebound.
1:48 of 2nd period - Ryan O'Reilly wins face-off versus Daniel Winnik in Sharks zone.
2:06 of 2nd period - Daniel Winnik is hit by Kevin Bieksa and loses puck.
2:17 of 2nd period - Shot by Andrew Ladd.
2:17 of 2nd period - Stopped by Corey Crawford without a rebound.
2:17 of 2nd period - Minor Penalty to Kevin Bieksa for Hooking.
2:18 of 2nd period - Daniel Winnik wins face-off versus Nazem Kadri in Maple Leafs zone.
2:25 of 2nd period - Michael Frolik is hit by Shawn Weller and loses puck.
2:34 of 2nd period - Shot by Nazem Kadri.
2:34 of 2nd period - Stopped by Ray Emery without a rebound.
2:35 of 2nd period - Nazem Kadri wins face-off versus Henrik Zetterberg in Sharks zone.
3:02 of 2nd period - Shot by Henrik Zetterberg.
3:02 of 2nd period - Stopped by Corey Crawford without a rebound.
3:03 of 2nd period - Daniel Winnik wins face-off versus Ryan O'Reilly in Maple Leafs zone.
3:29 of 2nd period - Icing by Daniel Winnik.
3:30 of 2nd period - Ryan O'Reilly wins face-off versus Daniel Winnik in Sharks zone.
3:53 of 2nd period - Shot by Roman Josi.
3:53 of 2nd period - Stopped by Ray Emery without a rebound.
3:54 of 2nd period - Henrik Zetterberg wins face-off versus Nazem Kadri in Sharks zone.
4:28 of 2nd period - Shot by Jean-Gabriel Pageau.
4:28 of 2nd period - Shot Blocked by Tom Walsh.
4:29 of 2nd period - Minor Penalty to Mark Arcobello for Charging.
4:30 of 2nd period - Ryan O'Reilly wins face-off versus Dany Heatley in Sharks zone.
5:11 of 2nd period - Shot by Brandon Rogers.
5:11 of 2nd period - Shot Blocked by Rob Scuderi.
5:29 of 2nd period - Shot by Pierre-Marc Bouchard.
5:29 of 2nd period - Stopped by Ray Emery without a rebound.
5:30 of 2nd period - Pierre-Marc Bouchard wins face-off versus Michael Ryder in Sharks zone.
8:07 of 2nd period - Icing by Colton Parayko.
8:08 of 2nd period - Jean-Gabriel Pageau wins face-off versus Nazem Kadri in Sharks zone.
8:19 of 2nd period - Shot by Shawn Weller.
8:19 of 2nd period - Stopped by Ray Emery without a rebound.
8:20 of 2nd period - Nathan MacKinnon wins face-off versus Jonathan Marchessault in Sharks zone.
8:22 of 2nd period - Icing by Michael Ryder.
8:23 of 2nd period - Nathan MacKinnon wins face-off versus Nazem Kadri in Sharks zone.
8:31 of 2nd period - Michael Ryder is hit by Kevin Bieksa and loses puck.
8:36 of 2nd period - Shot by Michael Ryder.
8:36 of 2nd period - Shot Misses the Net.
8:38 of 2nd period - Shot by Michael Ryder.
8:38 of 2nd period - Stopped by Corey Crawford without a rebound.
8:39 of 2nd period - Jonathan Marchessault wins face-off versus Marian Gaborik in Maple Leafs zone.
8:39 of 2nd period - Michael Del Zotto is hit by Dany Heatley and loses puck.
8:48 of 2nd period - Shot by William Nylander.
8:48 of 2nd period - Stopped by Ray Emery without a rebound.
8:49 of 2nd period - Nazem Kadri wins face-off versus Nathan MacKinnon in Sharks zone.
9:09 of 2nd period - Off-side.
9:10 of 2nd period - Henrik Zetterberg wins face-off versus Jonathan Marchessault in neutral zone.
9:13 of 2nd period - Riley Armstrong is hit by Dany Heatley.
9:41 of 2nd period - Shot by Tom Walsh.
9:41 of 2nd period - Stopped by Ray Emery without a rebound.
9:42 of 2nd period - Nathan MacKinnon wins face-off versus Nazem Kadri in Sharks zone.
9:55 of 2nd period - Shot by Michael Ryder.
9:55 of 2nd period - Shot Misses the Net.
10:53 of 2nd period - Shot by Michael Grabner.
10:53 of 2nd period - Stopped by Ray Emery without a rebound.
10:54 of 2nd period - Henrik Zetterberg wins face-off versus Jonathan Marchessault in Sharks zone.
11:07 of 2nd period - Shot by Marian Gaborik.
11:07 of 2nd period - Stopped by Corey Crawford without a rebound.
11:08 of 2nd period - Daniel Winnik wins face-off versus Ryan O'Reilly in Maple Leafs zone.
11:09 of 2nd period - Shot by Andrew Ladd.
11:09 of 2nd period - Shot Blocked by Roman Josi.
11:18 of 2nd period - Off-side.
11:19 of 2nd period - Jonathan Marchessault wins face-off versus Henrik Zetterberg in neutral zone.
11:28 of 2nd period - Minor Penalty to Jonathan Marchessault for Roughing.
11:29 of 2nd period - Nazem Kadri wins face-off versus Henrik Zetterberg in Maple Leafs zone.
11:52 of 2nd period - Shot by Nikita Nikitin.
11:52 of 2nd period - Stopped by Corey Crawford without a rebound.
11:53 of 2nd period - Michael Ryder wins face-off versus Nazem Kadri in Maple Leafs zone.
11:56 of 2nd period - Shot by Daniel Winnik.
11:56 of 2nd period - Shot Blocked by Roman Josi.
11:58 of 2nd period - Shot by Michael Ryder.
11:58 of 2nd period - Shot Misses the Net.
12:17 of 2nd period - Shot by Seth Jones.
12:17 of 2nd period - Shot Misses the Net.
12:35 of 2nd period - Shot by Michael Frolik.
12:35 of 2nd period - Stopped by Corey Crawford without a rebound.
12:36 of 2nd period - Henrik Zetterberg wins face-off versus Ryan O'Reilly in Maple Leafs zone.
13:38 of 2nd period - Minor Penalty to Roman Josi for Interference.
13:39 of 2nd period - Nazem Kadri wins face-off versus Daniel Winnik in Maple Leafs zone.
13:53 of 2nd period - Shot by Kevin Bieksa.
13:53 of 2nd period - Shot Misses the Net.
14:50 of 2nd period - Shot by Nikita Nikitin.
14:50 of 2nd period - Shot Misses the Net.
14:52 of 2nd period - Shot by Marian Gaborik.
14:52 of 2nd period - Stopped by Corey Crawford without a rebound.
14:53 of 2nd period - Ryan O'Reilly wins face-off versus Daniel Winnik in Maple Leafs zone.
14:53 of 2nd period - Ryan O'Reilly is hit by Michael Ryder.
15:00 of 2nd period - Icing by Rob Scuderi.
15:01 of 2nd period - Daniel Winnik wins face-off versus Ryan O'Reilly in Sharks zone.
15:20 of 2nd period - Shot by Michael Ryder.
15:20 of 2nd period - Stopped by Corey Crawford with a rebound.
15:49 of 2nd period - Icing by Nikita Nikitin.
15:50 of 2nd period - Jonathan Marchessault wins face-off versus Jean-Gabriel Pageau in Sharks zone.
16:08 of 2nd period - Minor Penalty to Alec Martinez for Interference.
16:08 of 2nd period - Minor Penalty to William Nylander for Goalie Interference.
16:09 of 2nd period - Dany Heatley wins face-off versus Ryan O'Reilly in Sharks zone.
16:19 of 2nd period - Icing by Michael Grabner.
16:20 of 2nd period - Dany Heatley wins face-off versus Ryan O'Reilly in Maple Leafs zone.
17:25 of 2nd period - Shot by Pierre-Marc Bouchard.
17:25 of 2nd period - Shot Blocked by Colton Parayko.
17:27 of 2nd period - Shot by Brandon Rogers.
17:27 of 2nd period - Stopped by Ray Emery without a rebound.
17:28 of 2nd period - Michael Ryder wins face-off versus Ryan O'Reilly in Sharks zone.
17:28 of 2nd period - Henrik Zetterberg is hit by Ryan O'Reilly and loses puck.
18:19 of 2nd period - Shot by Daniel Winnik.
18:19 of 2nd period - Shot Misses the Net.
18:44 of 2nd period - Off-side.
18:45 of 2nd period - Jonathan Marchessault wins face-off versus Jean-Gabriel Pageau in neutral zone.
18:56 of 2nd period - Shot by Jonathan Marchessault.
18:56 of 2nd period - Stopped by Ray Emery without a rebound.
18:57 of 2nd period - Nathan MacKinnon wins face-off versus Zach Dalpe in Sharks zone.
18:59 of 2nd period - Icing by Michael Ryder.
19:00 of 2nd period - Nathan MacKinnon wins face-off versus Jonathan Marchessault in Sharks zone.
19:09 of 2nd period - Shot by Rob Scuderi.
19:09 of 2nd period - Shot Misses the Net.
Goals for this period are 0 for Maple Leafs vs 0 for Sharks.
Shots for this period are 10 for Maple Leafs vs 11 for Sharks.

3rd period


0:01 of 3rd period - Ryan O'Reilly wins face-off versus Henrik Zetterberg in neutral zone.
0:01 of 3rd period - Ryan O'Reilly is hit by Dany Heatley.
0:06 of 3rd period - Off-side.
0:07 of 3rd period - Pierre-Marc Bouchard wins face-off versus Henrik Zetterberg in neutral zone.
0:40 of 3rd period - Shot by Marian Gaborik.
0:40 of 3rd period - Shot Misses the Net.
2:25 of 3rd period - Off-side.
2:26 of 3rd period - Riley Armstrong wins face-off versus Jean-Gabriel Pageau in neutral zone.
2:29 of 3rd period - Shot by William Nylander.
2:29 of 3rd period - Shot Blocked by Rob Scuderi.
2:41 of 3rd period - Shot by William Nylander.
2:41 of 3rd period - Shot Misses the Net.
3:02 of 3rd period - Kevin Bieksa is hit by Seth Jones and loses puck.
3:42 of 3rd period - Minor Penalty to Dany Heatley for Tripping.
3:43 of 3rd period - Ryan O'Reilly wins face-off versus Michael Frolik in Sharks zone.
4:46 of 3rd period - Brandon Rogers is hit by Seth Jones and loses puck.
5:37 of 3rd period - Shot by Roman Josi.
5:37 of 3rd period - Shot Blocked by Seth Jones.
5:39 of 3rd period - Shot by Michael Del Zotto.
5:39 of 3rd period - Stopped by Ray Emery without a rebound.
5:40 of 3rd period - William Nylander wins face-off versus Jean-Gabriel Pageau in Sharks zone.
5:41 of 3rd period - Shot by Roman Josi.
5:41 of 3rd period - Shot Misses the Net.
5:46 of 3rd period - Off-side.
5:47 of 3rd period - Zach Dalpe wins face-off versus Daniel Winnik in neutral zone.
5:54 of 3rd period - Shot by Andrew Ladd.
5:54 of 3rd period - Deflect By Mark Letestu.
5:54 of 3rd period - Shot Misses the Net.
6:08 of 3rd period - Shot by Tanner Pearson.
6:08 of 3rd period - Shot Misses the Net.
6:10 of 3rd period - Shot by Oleg Kvasha.
6:10 of 3rd period - Stopped by Ray Emery with a rebound.
6:43 of 3rd period - Icing by Roman Josi.
6:44 of 3rd period - Ryan O'Reilly wins face-off versus Henrik Zetterberg in Maple Leafs zone.
6:46 of 3rd period - Icing by Michael Grabner.
6:47 of 3rd period - Henrik Zetterberg wins face-off versus Ryan O'Reilly in Maple Leafs zone.
7:09 of 3rd period - Icing by Roman Josi.
7:10 of 3rd period - Ryan O'Reilly wins face-off versus Michael Ryder in Maple Leafs zone.
7:49 of 3rd period - Shot by Nathan MacKinnon.
7:49 of 3rd period - Goal by Nathan MacKinnon - Maple Leafs : 1 - Sharks : 1.
7:50 of 3rd period - Henrik Zetterberg wins face-off versus Brandon Yip in neutral zone.
7:53 of 3rd period - Brandon Yip is hit by Dany Heatley and loses puck.
8:05 of 3rd period - Marian Gaborik is hit by Kevin Bieksa and loses puck.
8:17 of 3rd period - Henrik Zetterberg is hit by Kevin Bieksa and loses puck.
8:26 of 3rd period - Shot by Henrik Zetterberg.
8:26 of 3rd period - Shot Misses the Net.
8:28 of 3rd period - Shot by Rob Scuderi.
8:28 of 3rd period - Stopped by Corey Crawford without a rebound.
8:29 of 3rd period - Mark Letestu wins face-off versus Jonathan Marchessault in Maple Leafs zone.
8:29 of 3rd period - Daniel Winnik is hit by Michael Del Zotto and loses puck.
8:42 of 3rd period - Shot by Andrew Ladd.
8:42 of 3rd period - Stopped by Corey Crawford without a rebound.
8:43 of 3rd period - Nathan MacKinnon wins face-off versus Zach Dalpe in Maple Leafs zone.
8:44 of 3rd period - Shot by Michael Frolik.
8:44 of 3rd period - Stopped by Corey Crawford without a rebound.
8:45 of 3rd period - Nathan MacKinnon wins face-off versus Jonathan Marchessault in Maple Leafs zone.
8:48 of 3rd period - Shot by Michael Ryder.
8:48 of 3rd period - Shot Misses the Net.
8:50 of 3rd period - Shot by Nathan MacKinnon.
8:50 of 3rd period - Stopped by Corey Crawford without a rebound.
8:51 of 3rd period - Shawn Weller wins face-off versus Marian Gaborik in Maple Leafs zone.
9:32 of 3rd period - Icing by Rob Scuderi.
9:33 of 3rd period - Henrik Zetterberg wins face-off versus Jonathan Marchessault in Sharks zone.
10:10 of 3rd period - Icing by Rob Scuderi.
10:11 of 3rd period - Pierre-Marc Bouchard wins face-off versus Dany Heatley in Sharks zone.
10:16 of 3rd period - Shot by Michael Grabner.
10:16 of 3rd period - Shot Misses the Net.
11:01 of 3rd period - Michael Ryder is hit by Brandon Rogers and loses puck.
11:08 of 3rd period - Shot by Michael Ryder.
11:08 of 3rd period - Deflect By Nathan MacKinnon.
11:08 of 3rd period - Stopped by Corey Crawford without a rebound.
11:09 of 3rd period - Shawn Weller wins face-off versus Daniel Winnik in Maple Leafs zone.
11:30 of 3rd period - Shot by Andrew Ladd.
11:30 of 3rd period - Stopped by Corey Crawford without a rebound.
11:31 of 3rd period - Jean-Gabriel Pageau wins face-off versus Jonathan Marchessault in Maple Leafs zone.
11:41 of 3rd period - Mark Arcobello is hit by Michael Del Zotto and loses puck.
11:55 of 3rd period - Minor Penalty to Michael Del Zotto for Holding.
11:56 of 3rd period - Nazem Kadri wins face-off versus Daniel Winnik in Maple Leafs zone.
11:56 of 3rd period - Nazem Kadri is hit by Michael Ryder.
12:10 of 3rd period - Shawn Weller is hit by Michael Ryder and loses puck.
12:36 of 3rd period - Icing by Daniel Winnik.
12:37 of 3rd period - Nazem Kadri wins face-off versus Daniel Winnik in Sharks zone.
14:15 of 3rd period - Shot by Jean-Gabriel Pageau.
14:15 of 3rd period - Shot Misses the Net.
15:00 of 3rd period - Shot by Ryan O'Reilly.
15:00 of 3rd period - Shot Misses the Net.
15:16 of 3rd period - Shot by Andrew Ladd.
15:16 of 3rd period - Stopped by Corey Crawford without a rebound.
15:17 of 3rd period - Zach Dalpe wins face-off versus Nathan MacKinnon in Maple Leafs zone.
15:17 of 3rd period - Zach Dalpe is hit by Michael Ryder.
15:29 of 3rd period - Shot by Oleg Kvasha.
15:29 of 3rd period - Shot Misses the Net.
15:35 of 3rd period - Shot by Zach Dalpe.
15:35 of 3rd period - Stopped by Ray Emery without a rebound.
15:36 of 3rd period - Henrik Zetterberg wins face-off versus Nazem Kadri in Sharks zone.
15:36 of 3rd period - Dany Heatley is hit by Shawn Weller.
16:06 of 3rd period - Nazem Kadri is hit by Keith Ballard and loses puck.
16:28 of 3rd period - Minor Penalty to Michael Del Zotto for Goalie Interference.
16:29 of 3rd period - Nazem Kadri wins face-off versus Daniel Winnik in Maple Leafs zone.
16:29 of 3rd period - Shawn Weller is hit by Michael Ryder.
17:41 of 3rd period - Kevin Bieksa is hit by Michael Ryder.
17:55 of 3rd period - Ryan O'Reilly is hit by Michael Ryder and loses puck.
18:20 of 3rd period - Shot by Henrik Zetterberg.
18:20 of 3rd period - Shot Misses the Net.
18:22 of 3rd period - Shot by Nikita Nikitin.
18:22 of 3rd period - Shot Misses the Net.
18:50 of 3rd period - Shot by Riley Armstrong.
18:50 of 3rd period - Shot Blocked by Nikita Nikitin.
19:31 of 3rd period - Shot by Henrik Zetterberg.
19:31 of 3rd period - Shot Misses the Net.
19:53 of 3rd period - Dany Heatley is hit by Brandon Yip and loses puck.
Goals for this period are 0 for Maple Leafs vs 1 for Sharks.
Shots for this period are 3 for Maple Leafs vs 8 for Sharks.

Overtime #1


0:01 of 1st overtime period - Henrik Zetterberg wins face-off versus Pierre-Marc Bouchard in neutral zone.
0:21 of 1st overtime period - Shot by Henrik Zetterberg.
0:21 of 1st overtime period - Goal by Henrik Zetterberg - Maple Leafs : 1 - Sharks : 2.
Goals for this period are 0 for Maple Leafs vs 1 for Sharks.
Shots for this period are 0 for Maple Leafs vs 1 for Sharks.